 Dungeon Crawl Stone Soup version 0.19-a0-719-gcc390b8 (webtiles) character file.

259 Arkorax the Poker (level 5, -3/45 HPs)
             Began as a Demigod Wanderer on June 21, 2016.
             Slain by an ogre
             ... wielding a +0 giant spiked club
              (13 damage)
             ... on level 4 of the Dungeon.
             The game lasted 00:03:35 (1990 turns).

Arkorax the Poker (Demigod Wanderer)                Turns: 1990, Time: 00:03:36

Health: -3/45      AC:  8    Str: 17    XL:     5   Next: 62%
Magic:  10/10      EV:  7    Int: 14    God:
Gold:   182        SH:  0    Dex: 17    Spells: 0 memorised, 7 levels left

rFire  . . .     SeeInvis .     c - +0 spear
rCold  . . .     Gourm    .     l - +0 chain mail
rNeg   . . .     Faith    .     (no shield)
rPois  .         Spirit   .     (no helmet)
rElec  .         Dismiss  .     (no cloak)
rCorr  .         Reflect  .     (no gloves)
SustAt +         Harm     .     (no boots)
MR     .....                    e - amulet of regeneration
Stlth  ..........               (no ring)
                                (no ring)

@: not resistant to hostile enchantments, extremely unstealthy
A: high mp 1, sustain attributes
a: no special abilities


You were on level 4 of the Dungeon.
You were not hungry.

You visited 1 branch of the dungeon, and saw 4 of its levels.

You collected 182 gold pieces.

Inventory:

Hand Weapons
 c - a +0 spear (weapon)
Armour
 d - a +0 robe
 l - a +0 chain mail (worn)
Jewellery
 e - an amulet of regeneration (around neck)
Wands
 v - a wand of flame (22/48)
Scrolls
 h - a scroll of teleportation {unknown}
 i - 3 scrolls of identify {unknown}
 j - a scroll of enchant armour {unknown}
 o - a scroll of remove curse {unknown}
 p - 2 scrolls of magic mapping {unknown}
 q - a scroll of immolation {unknown}
 s - a scroll of noise {unknown}
 t - a scroll of fog {unknown}
Potions
 m - a potion of ambrosia {unknown}
 r - a potion of haste {unknown}
Books
 a - a book of Minor Magic

   Spells                             Type                      Level
   a - Magic Dart                     Conjuration                  1
   b - Blink                          Translocation                2
   c - Call Imp                       Summoning                    2
   d - Repel Missiles                 Charms/Air                   2
   e - Slow                           Hexes                        2
   f - Conjure Flame                  Conjuration/Fire             3
   g - Mephitic Cloud                 Conjuration/Poison/Air       3
 b - Oklof's Grimoire of Stolen Souls

   Spells                             Type                      Level
   a - Corpse Rot                     Necromancy                   2
   b - Sublimation of Blood           Necromancy                   2
Comestibles
 f - a bread ration
 g - 2 meat rations
 u - 3 chunks of flesh


   Skills:
 * Level 3.3 Fighting
 * Level 3.5 Polearms
 - Level 1.7 Throwing
 + Level 1.8 Armour
 - Level 1.4 Dodging
 - Level 1.7 Spellcasting
   Level 2.6 Necromancy


You had 7 spell levels left.
You didn't know any spells.

Dungeon Overview and Level Annotations

Branches:
Dungeon (4/15)
 Temple: D:4-7


Innate Abilities, Weirdness & Mutations

You have an increased reservoir of magic. (+10% MP)
Your attributes are resistant to harm.


Message History

The ogre hits you with a giant spiked club!
You hit the ogre but do no damage.
The ogre is heavily wounded.
You hit the ogre.
The ogre is severely wounded.
The ogre hits you with a giant spiked club!
Your chain mail prevents you from hitting the ogre.
The ogre is severely wounded.
The ogre hits you with a giant spiked club!
* * * LOW HITPOINT WARNING * * *
You feel much better.
You hit the ogre.
The ogre is severely wounded.
The ogre hits you with a giant spiked club!!
Ouch! That really hurt!
* * * LOW HITPOINT WARNING * * *
You hear an angry hiss.
You feel better.
The ogre hits you with a giant spiked club!
You die...

...[.. ...)..
######
..>...##.....#
..........$..#
..<..........#
...........(.##
....!...O......
#@#
...............
.......#####.##
......# ......
##...# ##.. ...


You could see an ogre.

Vanquished Creatures
  Sigmund (D:3)
  3 adders
  2 oozes
  3 dart slugs
  3 giant geckos
  9 goblins
  6 hobgoblins
  4 jackals (D:3)
  9 kobolds
  A quokka (D:3)
  11 bats
  3 giant newts
  6 rats
61 creatures vanquished.

Notes
Turn   | Place    | Note
--------------------------------------------------------------
     0 | D:1      | Arkorax the Demigod Wanderer began the quest for the Orb.
     0 | D:1      | Arkorax set off with: a book of Minor Magic, Oklof's Grimoire of Stolen Souls, a +0 spear, a +0 robe, a bread ration
     0 | D:1      | Reached XP level 1. HP: 16/16 MP: 5/5
   288 | D:1      | Reached XP level 2. HP: 23/23 MP: 7/7
   899 | D:2      | Reached XP level 3. HP: 27/29 MP: 8/8
  1291 | D:2      | Found a glowing golden altar of the Shining One.
  1603 | D:3      | Reached XP level 4. HP: 37/37 MP: 9/9
  1634 | D:3      | Found an opulent altar of Gozag.
  1805 | D:3      | Noticed Sigmund
  1837 | D:3      | Killed Sigmund
  1837 | D:3      | Reached skill level 1 in Armour
  1837 | D:3      | Reached XP level 5. HP: 40/45 MP: 10/10
  1978 | D:4      | Noticed an ogre
  1989 | D:4      | HP: 1/45 [ogre/giant spiked club (32)]
  1990 | D:4      | Slain by an ogre

Vault maps used:
D:1:      minmay_arrival_three_doors, nrook_loot_triangle
D:2:      tso_altar, nicolae_overflow_hidden_temple
D:3:      grunt_gozag_breadcrumbs, uniq_sigmund
D:4:      kennysheep_mini

Skill      XL: |  1  2  3  4 |
---------------+-------------+-----
Fighting       | 2 3 |  3.3
Polearms       | 2 3 |  3.5
Armour         | 1 |  1.8
Throwing       | |  1.7
Dodging        | |  1.4
Spellcasting   | |  1.7
Necromancy     | |  2.6

Action                   |  1- 3 |  4- 6 || total
-------------------------+-------+-------++-------
Melee: Spear             |   231 |    64 ||   295
Evoke: Wand              |       |     2 ||     2
  Use: Potion            |       |     6 ||     6
 Stab: Sleeping          |     5 |       ||     5
  Eat: Chunk             |     2 |     2 ||     4
Armor: Robe              |    32 |       ||    32
       Chain mail        |    55 |    12 ||    67
Dodge: Dodged            |   130 |    19 ||   149
